Map: Orbital Shipyard

Players

Nugletking - Winner!

  • Race: Zerg Zerg
  • League: Diamond

LilDicky

  • Race: Terran Terran
  • League: Diamond

VOD

http://www.twitch.tv/tumescentpie

Description

Time

  • Played on: Nov. 24, 2015, 3:29 p.m.
  • Length: 12:36
Show
View Real Time Build Order
Export as new Build Order

Nugletking Zerg - Winner!

Build Orders: Hatch First 

Get SALT Encoding   

  12  0:00  Drone  
  13  0:08  Drone  
  14  0:17  Overlord  
  14  0:24  Drone, Extractor  
  15  0:36  Drone x2  
  17  0:52  Hatchery  
  17  0:56  Drone  
  17  1:00  Drone  
  18  1:07  Drone  
  19  1:17  Spawning Pool  
  18  1:20  Drone  
  19  1:28  Drone  
  20  1:35  Extractor  
  20  1:37  Drone  
  20  1:48  Overlord  
  20  2:03  Queen x2  
  20  2:04  Zergling x2  
  20  2:05  Zergling x2  
  26  2:22  Hatchery, Drone  
  26  2:26  Drone  
  26  2:27  Drone  
  28  2:30  Drone  
  29  2:42  Drone x3  
  32  2:45  Metabolic Boost  
  32  2:50  Drone  
  33  2:54  Overlord  
  33  3:00  Overlord  
  33  3:07  Zergling x2  
  34  3:22  Drone x7  
  40  3:39  Drone x4  
  43  3:43  Queen  
  43  3:44  Zergling x2  
  46  3:54  Extractor x2  
  46  3:55  Extractor  
  44  4:22  Drone x2  
  46  4:33  Drone x3  
  46  4:34  Evolution Chamber x2, Roach Warren, Drone x3  
  46  4:35  Drone x3  
  52  4:39  Queen  
  52  4:42  Overlord x4, Extractor  
  53  4:46  Drone x3  
  53  4:47  Drone  
  57  4:55  Overlord  
  57  4:56  Overlord  
  57  5:05  Lair  
  57  5:06  Zerg Missile Weapons Level 1, Zerg Ground Armor Level 1  
  57  5:15  Drone  
  57  5:16  Drone x8  
  66  5:33  Spore Crawler  
  66  5:35  Spore Crawler  
  64  5:38  Spore Crawler  
  64  5:40  Drone x2, Spore Crawler  
  64  5:43  Drone x2  
  64  5:48  Drone  
  67  5:52  Spore Crawler  
  66  6:18  Overseer  
  65  6:43  Queen  
  67  6:50  Glial Reconstitution  
  67  6:51  Roach  
  67  6:52  Roach x18  
  105  6:55  Overlord x3  
  105  6:56  Overlord  
  105  7:04  Overseer x2  
  104  7:15  Roach x5  
  114  7:16  Overlord  
  114  7:20  Ravager x5  
  114  7:21  Ravager x4  
  123  7:23  Zergling x2  
  123  7:24  Zergling x10  
  129  7:32  Drone  
  129  7:33  Extractor x2  
  128  7:41  Zergling x2  
  128  7:42  Zergling x12  
  113  8:20  Zerg Missile Weapons Level 2  
  113  8:22  Hydralisk Den  
  69  9:17  Hydralisk  
  69  9:18  Hydralisk x13, Muscular Augments  
  93  9:30  Spore Crawler  
  92  9:32  Spore Crawler  
  91  9:40  Hydralisk x3  
  91  9:41  Hydralisk x3  
  102  9:48  Hatchery  
  101  9:59  Infestation Pit  
  100  10:06  Hydralisk  
  100  10:07  Hydralisk x5  
  112  10:35  Hatchery  
  112  10:37  Zergling x2  
  112  10:38  Zergling x34  
  112  10:41  Extractor  
  112  10:42  Overlord x4  
  129  10:45  Extractor  
  128  10:50  Spore Crawler  
  128  10:52  Hive  
  121  11:55  Hatchery, Spire  
Show
View Real Time Build Order
Export as new Build Order

LilDicky Terran 

Build Orders: Reaper Expand 

Get SALT Encoding   

  12  0:01  SCV  
  13  0:13  SCV  
  14  0:18  Supply Depot  
  14  0:25  SCV  
  15  0:39  SCV  
  15  0:42  Refinery  
  16  0:44  Barracks  
  16  0:51  SCV  
  17  1:03  SCV  
  18  1:16  SCV  
  19  1:31  Reaper  
  19  1:32  Orbital Command  
  20  1:41  Command Center  
  20  1:53  Supply Depot  
  20  1:57  Refinery  
  20  2:01  SCV  
  20  2:03  Reaper  
  22  2:14  SCV  
  23  2:24  Factory  
  23  2:40  Barracks Reactor  
  23  2:41  SCV  
  23  2:53  SCV  
  23  2:57  Orbital Command  
  24  3:05  SCV  
  24  3:10  Starport  
  25  3:18  SCV  
  26  3:27  Marine  
  25  3:45  Marine  
  26  3:49  Starport Tech Lab  
  26  3:50  Command Center x2  
  26  4:22  Marine  
  26  4:23  Banshee, Cloaking Field  
  30  4:26  SCV x2  
  32  4:32  Widow Mine  
  32  4:38  SCV x2  
  36  4:43  Marine  
  37  4:50  SCV x2, Refinery  
  37  4:51  Refinery  
  39  5:01  Marine  
  39  5:02  SCV x2  
  39  5:05  Orbital Command  
  43  5:08  Orbital Command  
  42  5:15  SCV, Banshee  
  46  5:25  SCV  
  46  5:27  SCV  
  48  5:33  Orbital Command  
  48  5:34  Widow Mine  
  50  5:39  SCV  
  51  5:48  Engineering Bay  
  51  5:52  SCV  
  51  5:53  SCV x2  
  54  5:58  Banshee, Barracks Reactor  
  54  6:00  Command Center  
  57  6:04  SCV  
  58  6:19  SCV x2  
  58  6:20  SCV  
  58  6:21  SCV  
  58  6:24  Refinery  
  58  6:25  Refinery  
  62  6:31  SCV x2  
  63  6:33  SCV x2  
  62  6:41  Banshee  
  62  6:48  SCV  
  63  6:54  SCV  
  63  6:56  SCV  
  63  6:58  SCV  
  63  7:00  Missile Turret  
  66  7:06  Command Center  
  66  7:09  Command Center  
  66  7:24  Starport x2  
  66  7:27  Planetary Fortress  
  66  7:30  SCV x3  
  66  7:31  Command Center  
  66  7:36  Command Center  
  69  7:38  SCV  
  69  7:39  Banshee  
  69  7:42  SCV x2  
  75  7:45  Armory  
  75  7:46  Armory  
  75  7:47  SCV, Fusion Core  
  75  7:50  SCV  
  73  8:01  Starport Tech Lab  
  73  8:02  Starport Tech Lab  
  45  8:20  Banshee x2  
  45  8:21  Widow Mine  
  45  8:22  Banshee  
  54  8:35  Orbital Command  
  41  8:55  Orbital Command x2  
  40  9:03  Banshee x2  
  41  9:14  SCV x2  
  41  9:15  SCV x2  
  37  9:24  Refinery  
  37  9:26  SCV  
  37  9:27  SCV x2  
  37  9:31  SCV x2  
  42  9:34  Starport Reactor  
  42  9:36  Viking  
  44  9:44  SCV x3  
  47  9:48  Supply Depot  
  47  9:51  Starport Reactor, Starport Tech Lab  
  47  9:53  SCV x2  
  49  10:03  Command Center  
  49  10:05  Command Center  
  49  10:06  Viking  
  51  10:19  Supply Depot  
  50  10:36  Factory Tech Lab  
  50  10:38  Battlecruiser, Viking  
  50  10:39  Advanced Ballistics  
  54  10:48  Viking  
  54  10:49  SCV x2  
  58  10:55  Refinery  
  47  11:33  Planetary Fortress x2  
  47  11:38  Orbital Command  
  47  11:39  Siege Tank  
  39  12:08  SCV  
  39  12:09  SCV  
Tags
 
Add a new tag
Caveats
  • Supply blocks, unpowered buildings, or Contaminate may cause inaccurate times.
  • Supply counts are checked every 10 seconds.